 Dungeon Crawl Stone Soup version 0.29.1-15-g9cfb28693d (webtiles) character file.

Game seed: 9685594755140283766

219136 panzone the Impregnable (level 18, -21/185 HPs)
             Began as a Minotaur Berserker on Apr 28, 2023.
             Was an Elder of Trog.
             Demolished by a bunyip (33 damage)
             ... on level 4 of the Swamp.
             The game lasted 03:01:59 (53692 turns).

panzone the Impregnable (Minotaur Berserker)       Turns: 53692, Time: 03:01:59

Health: -21/185    AC: 31    Str: 29    XL:     18   Next: 43%
Magic:  13/13      EV: 10    Int:  4    God:    Trog [****..]
Gold:   2303       SH:  5    Dex: 11    Spells: 17/17 levels left

rFire   . . .      SeeInvis .   l - +1 flail (protect)
rCold   . . .      Faith    .   w - orb {light}
rNeg    . . .      Spirit   .   C - +5 chain mail "Dimp" {rPois}
rPois   +          Reflect  +   (helmet restricted)
rElec   .          Harm     .   a - +1 cloak
rCorr   .          Rampage  .   M - +2 pair of gloves
Will    ++...                   s - +0 pair of boots
Stlth   ..........              d - amulet of reflection
HPRegen 0.40/turn               t - ring of willpower
MPRegen 0.13/turn               z - ring of flight

@: about to teleport, flying, glowing
A: horns 2, retaliatory headbutt, low MP 2
}: 1/15 runes: serpentine
a: Renounce Religion, Berserk, Trog's Hand, Brothers in Arms


You were on level 4 of the Swamp.
You worshipped Trog.
Trog was greatly pleased with you.
You visited 5 branches of the dungeon, and saw 30 of its levels.
You also visited: Ossuary.

You collected 3693 gold pieces.
You spent 1390 gold pieces at shops.

Inventory:

Hand Weapons
 l - a +1 flail of protection (weapon)
 o - a +2 hand axe of flaming
 p - a +4 broad axe of electrocution
 y - a +5 war axe of freezing
 B - a +3 executioner's axe
 F - a +5 vorpal triple sword
 P - a +9 battleaxe
Missiles
 K - a throwing net (quivered)
Armour
 a - a +1 cloak (worn)
 s - a +0 pair of boots (worn)
 w - an orb of light (worn)
 C - the +5 chain mail "Dimp" (worn) {rPois}
   (You found it on level 5 of the Dungeon)

   rPois:     It protects you from poison.
 M - a +2 pair of gloves (worn)
 V - a +1 pair of gloves
 W - the +4 scale mail of Discretion {Slay+6}
   (You found it on level 2 of the Snake Pit)

   Slay:      It affects your accuracy & damage with ranged weapons and melee
   (+6).
Jewellery
 d - an amulet of reflection (around neck)
 j - an amulet of the acrobat
 t - a ring of willpower (left hand)
 x - the amulet "Amofar" {rElec rN+ Will+ Regen+}
   (You took it off a salamander on level 3 of the Snake Pit)

   [amulet of regeneration]

   rElec:     It insulates you from electricity.
   rN:        It protects you from negative energy.
   Regen:     It increases your rate of health regeneration.
   Will:      It increases your willpower.
 z - a ring of flight (right hand)
 A - a ring of willpower
 G - a +6 ring of strength
 L - a +6 ring of strength
 S - the ring of Music {rPois rF+ rC- Int+6}
   (You found it on level 4 of the Lair of Beasts)

   [ring of intelligence]

   Int:       It affects your intelligence (+6).
   rF:        It protects you from fire.
   rC:        It makes you vulnerable to cold.
   rPois:     It protects you from poison.
 U - an amulet of guardian spirit
Wands
 m - a wand of polymorph (3)
 r - a wand of flame (42)
 u - a wand of roots (31)
 D - a wand of paralysis (44)
 O - a wand of digging (12)
 T - a wand of light (4)
Scrolls
 e - 4 scrolls of teleportation
 g - 15 scrolls of identify
 h - 6 scrolls of magic mapping
 n - a scroll of poison
 N - 3 scrolls of fog
 Q - 2 scrolls of blinking
 X - a scroll of brand weapon
 Y - a scroll of silence
 Z - a scroll of summoning
Potions
 b - 2 potions of resistance
 c - 3 potions of ambrosia
 f - 6 potions of lignification
 i - 11 potions of curing
 k - 7 potions of cancellation
 q - 5 potions of might
 E - 5 potions of magic
 H - a potion of berserk rage
 I - 5 potions of haste
 J - 4 potions of flight
 R - 5 potions of invisibility


   Skills:
 + Level 22.3 Fighting
 + Level 22.3 Axes
 + Level 24.6 Armour
 - Level 2.7 Dodging


You had 17 spell levels left.
You didn't know any spells.
Your spell library was empty.

Dungeon Overview and Level Annotations

Branches:
Dungeon (15/15)            Temple (0/1) D:6            Lair (5/5) D:9
  Swamp (4/4) Lair:2        Snake (4/4) Lair:3        Slime (0/5) Lair:5
    Orc (2/2) D:10            Elf (0/3) Orc:2        Vaults (0/5) D:14
 Depths (0/4) D:15        Ossuary (visited)

Altars:
Cheibriados
Fedhas
Hepliaklqana
Kikubaaqudgha
Makhleb
Qazlal
Uskayaw
Zin
The Shining One

Shops:
D:7 (   Orc:1 !   Orc:2 !!=[   Snake:3 =*:

Portals:
Pandemonium: Orc:2

Annotations:
D:9 2 transporters, p0werm0de's ghost, novice MiFi
Swamp:3 Bai Suzhen
Snake:2 2 transporters


Innate Abilities, Weirdness & Mutations

You have a pair of horns on your head.
You reflexively headbutt those who attack you in melee.
Your magical capacity is very low. (-20% MP)


Message History

The eight-headed hydra bites you!!
The eight-headed hydra bites you but does no damage.
The eight-headed hydra bites you! The eight-headed hydra bites you.
The eight-headed hydra bites you but does no damage.
The eight-headed hydra bites you!
As you read the scroll of teleportation, it crumbles to dust.
You feel strangely unstable.
The eight-headed hydra bites you but does no damage.
The eight-headed hydra completely misses you.
The eight-headed hydra bites you!
The eight-headed hydra bites you but does no damage.
The eight-headed hydra bites you! The eight-headed hydra misses you.
You block the eight-headed hydra's attack.
The eight-headed hydra bites you!
* * * LOW HITPOINT WARNING * * *
The swamp dragon bites you but does no damage.
The swamp dragon claws you.
* * * LOW HITPOINT WARNING * * *
The swamp dragon tramples you but does no damage.
Your +4 broad axe of electrocution stops crackling.
Your +1 flail of protection hums with potential!
l - a +1 flail of protection (weapon)
The eight-headed hydra bites you but does no damage.
The eight-headed hydra bites you!
* * * LOW HITPOINT WARNING * * *
The eight-headed hydra bites you!
* * * LOW HITPOINT WARNING * * *
The eight-headed hydra barely misses you.
The eight-headed hydra closely misses you.
The eight-headed hydra bites you but does no damage.
The eight-headed hydra bites you.
* * * LOW HITPOINT WARNING * * *
The eight-headed hydra bites you but does no damage.
The swamp dragon attacks as you move away!
The swamp dragon bites you!
* * * LOW HITPOINT WARNING * * *
The swamp dragon misses you.
The swamp dragon tramples you but does no damage.
You feel better. The bunyip claws you!!
You die...

#.~.~..~♣ ♣~~~~..♣♣♣ §
♣.~~.~.~♣ . ♣~.~~.~♣ .♣
♣~~.♣♣ ~~# #♣~†.~♣ ~~♣#
♣~D~.♣♣ ...♣# #♣[xD♣♣
~.~.♣# #♣~)@~~♣ .~~..
~~..§♣# #♣♣~~~~~.♣ ~§~k
♣♣..~.♣##♣♣~)~§:...♣ ~~~
~~~~.~~~♣~~~♣...♣♣~♣♣♣♣..
~~~.~~~...~~~~~~...^~~~~♣
~~§~~§~.~.~~~~~~§...~~~.♣
.~~~~...~.♣.~~....♣~.~§.♣♣♣
.~~~~..~~.~§~.~♣♣♣♣♣♣(..♣~♣
~~~~....~~..~.♣♣♣♣♣~..~[..♣


You could see a bunyip (strong, catching breath), an eight-headed hydra (strong)
and a swamp dragon (strong).

Vanquished Creatures
  A thorn hunter (Swamp:3)
  A fenstrider witch (Swamp:3)
  Donald (Swamp:3)
  6 nagarajas
  An orc warlord (Orc:1)
  Louise (Snake:4)
  The ghost of groll the Spry, a journeyman MiBe of Trog (Lair:4)
  A cacodemon (D:10)
  Aizul (Snake:1)
  A stone giant (D:15)
  3 eleionomae
  A bunyip (Swamp:2)
  Nessos (Lair:4)
  The ghost of Huasawuy the Grappler, a journeyman TrHW of Okawaru (Lair:3)
  Snorg (D:10)
  A vault guard (D:14)
  The ghost of amentoraz the Basher, a journeyman GnCA of Ignis (D:10)
  14 hydras
  3 salamander tyrants
  3 boulder beetles
  An ogre mage (Orc:1)
  8 anacondas
  2 demonspawn (Orc:2)
  4 catoblepae
  4 centaur warriors
  An alligator snapping turtle (Snake:2)
  Erolcha (D:10)
  5 two-headed ogres
  12 naga warriors
  A ghost crab (Swamp:2)
  8 alligators
  10 naga sharpshooters
  4 orc high priests (Orc:2)
  11 death yaks
  6 shock serpents
  Sonja (Lair:3)
  2 bunyip zombies (Swamp:2)
  A soul eater (Orc:2)
  7 goliath frogs
  3 salamander mystics
  A glowing orange brain (D:10)
  5 skeletal warriors (D:15)
  9 spriggan druids
  7 swamp dragons
  3 naga ritualists
  A death drake (Swamp:4)
  7 bog bodies
  8 sea snakes
  11 wizards
  2 necromancers
  A lindwurm (Lair:5)
  A deep elf pyromancer (D:15)
  11 mana vipers
  7 orc knights
  12 ugly things
  An orange crystal statue (D:12)
  6 cyclopes
  8 orc sorcerers
  26 salamanders
  5 manticores
  44 black mambas
  2 will-o-the-wisps
  12 naga magi
  Joseph (D:7)
  5 elephants
  13 guardian serpents
  An orange demon (Orc:2)
  3 gargoyles (D:12)
  2 cane toads (shapeshifter)
  7 cane toads
  2 efreet
  A rime drake (shapeshifter) (D:10)
  5 yaktaurs (D:15)
  4 rime drakes
  An unseen horror (D:10)
  2 freezing wraiths (D:14)
  9 komodo dragons
  A bunyip simulacrum (Swamp:2)
  A tengu conjurer (D:14)
  A queen bee (shapeshifter) (D:15)
  A meliai (shapeshifter) (D:10)
  3 meliai (D:14)
  6 trolls
  5 tyrant leeches
  2 polar bears
  7 hornets
  10 blink frogs (Lair:3)
  4 alligator zombies (Swamp:2)
  2 snapping turtles (Snake:2)
  12 slime creatures
  A jumping spider (shapeshifter) (D:10)
  A water elemental (D:14)
  9 spriggans
  A vampire (D:10)
  57 yaks
  2 wyverns
  19 humans (D:14)
  2 wraiths (D:12)
  4 steam dragons
  9 wargs
  17 vampire mosquitoes
  2 neqoxecs (D:10)
  2 basilisks
  3 acid dragons
  37 nagas
  12 swamp worms
  11 water moccasins
  2 sky beasts
  4 swamp drakes
  An ice beast (D:6)
  32 orc warriors
  2 black bears
  9 ogres
  2 swamp dragon zombies (Swamp:2)
  A centaur (shapeshifter) (D:10)
  10 wolves (Lair:3)
  10 centaurs
  3 phantoms
  5 bullfrogs
  An elf zombie (D:4)
  A wyvern zombie (D:6)
  2 kobold brigands
  2 elf skeletons (D:4)
  4 necrophages
  A water moccasin zombie (D:6)
  2 scorpions
  16 wights
  29 killer bees
  4 howler monkeys
  A lava snake (Snake:3)
  7 electric eels
  2 bullfrog zombies (D:6)
  4 human zombies
  4 centaur zombies
  4 hounds
  2 jellies (D:6)
  25 orc priests
  3 human skeletons (D:4)
  20 orc wizards
  4 iguanas
  6 mummies
  5 gnolls
  5 adders
  A river rat (Lair:1)
  A white imp (D:6)
  4 worms (D:4)
  2 dart slugs
  76 orcs
  6 endoplasms
  2 giant cockroaches
  6 goblins
  4 hobgoblins
  4 jackals (D:1)
  16 kobolds
  12 quokkas
  7 ball pythons
  2 bats
  5 frilled lizards
  4 hobgoblin zombies (Ossuary)
  2 orc skeletons (D:4)
  8 rats
  2 briar patches (Swamp:3)
  A bush (D:4)
  2 plants
1028 creatures vanquished.

Vanquished Creatures (collateral kills)
  Jorgrun (D:12)
  Roxanne (Swamp:3)
  A ghost crab (Swamp:2)
  A spriggan (Swamp:3)
4 creatures vanquished.

Vanquished Creatures (others)
  A salamander mystic (Snake:2)
  An elephant (Lair:3)
  A tengu conjurer (D:14)
  A water elemental (D:14)
  A swamp drake (Swamp:3)
  2 electric eels (D:14)
  A howler monkey (D:13)
  2 foxfires (Swamp:4)
  19 fungi
  48 plants
77 creatures vanquished.

Grand Total: 1109 creatures vanquished

Notes
Turn   | Place    | Note
-------+----------+-------------------------------------------
     0 | D:1      | panzone the Minotaur Berserker began the quest for the Orb.
     0 | D:1      | Reached XP level 1. HP: 19/19 MP: 0/0
   376 | D:1      | Reached XP level 2. HP: 18/27 MP: 1/1
   734 | D:1      | Reached skill level 3 in Armour
  1015 | D:2      | Reached XP level 3. HP: 30/33 MP: 2/2
  1237 | D:2      | Reached ** piety under Trog
  2310 | D:4      | Reached XP level 4. HP: 41/41 MP: 3/3
  2324 | D:4      | Noticed a water moccasin
  2339 | D:4      | Killed a water moccasin
  2340 | D:4      | Reached skill level 4 in Armour
  2340 | D:4      | Reached XP level 5. HP: 35/47 MP: 4/4
  2422 | D:4      | Reached *** piety under Trog
  2513 | D:4      | Reached skill level 5 in Fighting
  2513 | D:4      | Reached skill level 5 in Axes
  2513 | D:4      | Reached skill level 5 in Armour
  2515 | D:4      | Found a sand-covered staircase.
  2530 | D:4      | Reached XP level 6. HP: 49/56 MP: 5/5
  2551 | Ossuary  | Entered an ossuary
  2877 | Ossuary  | Reached skill level 6 in Armour
  3075 | Ossuary  | Identified a scroll of acquirement
  3075 | Ossuary  | Acquired an amulet of reflection
  3130 | D:4      | Reached XP level 7. HP: 59/62 MP: 6/6
  3209 | D:4      | Reached skill level 7 in Armour
  3259 | D:4      | Found a glowing golden altar of the Shining One.
  3327 | D:4      | Identified the +8 whip of the End of Times {drain, rPois
                  | rC+ Str+3}
  3330 | D:5      | Entered Level 5 of the Dungeon
  3934 | D:4      | Found a burning altar of Makhleb.
  3934 | D:4      | Found a stormy altar of Qazlal.
  3934 | D:4      | Found a snail-covered altar of Cheibriados.
  4008 | D:5      | Reached skill level 8 in Armour
  4008 | D:5      | Reached XP level 8. HP: 57/71 MP: 7/7
  4262 | D:5      | Found a hide-covered altar of Uskayaw.
  4586 | D:5      | Found a blossoming altar of Fedhas.
  4725 | D:5      | Identified the +5 chain mail "Dimp" {rPois}
  5096 | D:5      | Reached skill level 9 in Armour
  5319 | D:6      | Found a staircase to the Ecumenical Temple.
  5346 | D:6      | Reached skill level 10 in Armour
  5347 | D:6      | Reached XP level 9. HP: 81/81 MP: 8/8
  5422 | D:6      | Found a hazy altar of Hepliaklqana.
  5424 | D:6      | Reached **** piety under Trog
  5947 | D:6      | Found an ancient bone altar of Kikubaaqudgha.
  6018 | D:6      | Reached skill level 11 in Armour
  6687 | D:6      | Gained mutation: Your magical capacity is low. (-10% MP)
                  | [potion of mutation]
  6691 | D:6      | Reached XP level 10. HP: 99/99 MP: 8/8
  7373 | D:6      | Reached skill level 12 in Armour
  7590 | D:7      | Noticed Joseph
  8186 | D:7      | Killed Joseph
  8187 | D:7      | Reached XP level 11. HP: 39/105 MP: 8/8
  8498 | D:7      | Found Zoliafih's Antique Weapon Emporium.
  8506 | D:7      | Bought a runed broad axe for 203 gold pieces
  9128 | D:8      | Identified the +1 leather armour "Zopruihe" {Rampage rN++
                  | Dex-3}
  9823 | D:8      | Found a glowing silver altar of Zin.
 10392 | D:9      | Found a staircase to the Lair.
 10499 | D:9      | Reached skill level 13 in Armour
 10534 | D:9      | Reached ***** piety under Trog
 10733 | D:9      | Received a gift from Trog
 10812 | D:9      | Noticed p0werm0de's ghost (novice MiFi)
 10871 | D:9      | Found a transporter.
 10885 | D:9      | Found a transporter.
 11031 | D:10     | Entered Level 10 of the Dungeon
 11034 | D:10     | Noticed Snorg
 11045 | D:10     | Killed Snorg
 11370 | D:10     | Identified the +2 dagger of the Shrinking Gods {vorpal,
                  | Drain Fragile rF+++ Int+3}
 11437 | D:10     | Found a runed translucent gate.
 11438 | D:10     | Found a runed translucent gate.
 11441 | D:10     | Found a runed translucent gate.
 11442 | D:10     | Noticed a brown ugly thing
 11442 | D:10     | Noticed a brown ugly thing
 11442 | D:10     | Noticed a purple ugly thing
 11443 | D:10     | Noticed a purple ugly thing
 11443 | D:10     | Noticed a glowing orange brain
 11443 | D:10     | Noticed a red ugly thing
 11461 | D:10     | Noticed a deep troll
 11467 | D:10     | Noticed a shock serpent
 11467 | D:10     | a deep troll changed into a shock serpent
 11472 | D:10     | a shock serpent changed into a merfolk
 11477 | D:10     | Noticed a swamp dragon
 11477 | D:10     | an elephant changed into a swamp dragon
 11486 | D:10     | a swamp dragon changed into a yaktaur
 11493 | D:10     | Noticed a sea snake
 11493 | D:10     | a floating eye changed into a sea snake
 11498 | D:10     | a sea snake changed into an eye of devastation
 11500 | D:10     | Noticed a glowing orange brain
 11500 | D:10     | a snapping turtle changed into a glowing orange brain
 11590 | D:10     | Noticed Erolcha
 11635 | Lair:1   | Entered Level 1 of the Lair of Beasts
 11727 | Lair:1   | Reached skill level 14 in Armour
 11955 | Lair:1   | Noticed a four-headed hydra
 11969 | Lair:1   | Killed a four-headed hydra
 12140 | Lair:1   | Reached XP level 12. HP: 107/116 MP: 9/9
 12399 | Lair:2   | Noticed an eight-headed hydra
 12405 | Lair:2   | Killed an eight-headed hydra
 12714 | Lair:2   | Noticed a four-headed hydra
 12731 | Lair:1   | Killed a four-headed hydra
 12961 | Lair:2   | Reached skill level 15 in Armour
 13356 | Lair:2   | Noticed a five-headed hydra
 13374 | Lair:2   | Killed a five-headed hydra
 13877 | Lair:2   | Found a staircase to the Swamp.
 14379 | Lair:3   | Found a transporter.
 14411 | Lair:3   | Noticed Huasawuy's ghost (journeyman TrHW)
 14412 | Lair:3   | Noticed an eight-headed hydra
 14424 | Lair:3   | Found a staircase to the Snake Pit.
 14442 | Lair:3   | Reached skill level 16 in Armour
 14701 | Lair:3   | Noticed a death yak
 14717 | Lair:3   | Killed a death yak
 15036 | Lair:3   | Found a transporter.
 15156 | Lair:3   | Noticed a death yak
 15156 | Lair:3   | Noticed a death yak
 15157 | Lair:3   | Noticed a death yak
 15157 | Lair:3   | Noticed a death yak
 15158 | Lair:3   | Noticed a death yak
 15164 | Lair:3   | Killed a death yak
 15167 | Lair:3   | Killed a death yak
 15171 | Lair:3   | Killed a death yak
 15172 | Lair:3   | Reached skill level 15 in Fighting
 15172 | Lair:3   | Reached skill level 15 in Axes
 15172 | Lair:3   | Killed a death yak
 15173 | Lair:3   | Reached XP level 13. HP: 126/126 MP: 10/10
 15701 | Lair:4   | Noticed Nessos
 15709 | Lair:4   | Noticed Sonja
 16157 | Lair:3   | Reached skill level 17 in Armour
 16208 | Lair:3   | Killed Sonja
 16268 | Lair:4   | Killed Nessos
 17034 | Lair:4   | Found a large runed translucent door.
 17034 | Lair:4   | Found a large runed translucent door.
 17065 | Lair:4   | Noticed groll's ghost (journeyman MiBe)
 17518 | Lair:5   | Entered Level 5 of the Lair of Beasts
 18171 | Lair:5   | Reached skill level 18 in Armour
 19212 | Lair:5   | Found a staircase to the Slime Pits.
 19417 | Lair:5   | Reached XP level 14. HP: 105/137 MP: 11/11
 20441 | D:10     | Found a staircase to the Orcish Mines.
 20453 | D:10     | Killed Erolcha
 20454 | D:10     | Reached skill level 19 in Armour
 20936 | Orc:1    | Entered Level 1 of the Orcish Mines
 20945 | Orc:1    | Found Derhoah's Distillery.
 21465 | Orc:1    | Bought a potion of haste for 170 gold pieces
 21465 | Orc:1    | Bought a potion of heal wounds for 85 gold pieces
 21465 | Orc:1    | Bought a potion of curing for 51 gold pieces
 21582 | Orc:2    | Entered Level 2 of the Orcish Mines
 21697 | Orc:2    | Paralysed by an ogre mage for 4 turns
 22293 | Orc:2    | Noticed an orc warlord
 22294 | Orc:2    | Found a staircase to the Elven Halls.
 22516 | Orc:1    | Killed an orc warlord
 23688 | Orc:2    | Found Lacrit's Distillery.
 23697 | Orc:2    | Found Becamunaed's Distillery.
 23699 | Orc:2    | Received a gift from Trog
 24179 | Orc:2    | Bought a potion of heal wounds for 75 gold pieces
 24179 | Orc:2    | Bought 2 potions of curing for 90 gold pieces
 24179 | Orc:2    | Bought a potion of curing for 45 gold pieces
 24181 | Orc:2    | Bought 2 potions of haste for 300 gold pieces
 24181 | Orc:2    | Bought a potion of heal wounds for 75 gold pieces
 24314 | Orc:2    | Gained mutation: Your magical capacity is very low. (-20%
                  | MP) [a neqoxec]
 24744 | Orc:2    | Reached skill level 20 in Armour
 24810 | Orc:2    | HP: 5/140 [sixfirhy[an orc high priest] (9)]
 25495 | Orc:2    | Found Ixosmona's Jewellery Shop.
 25495 | Orc:2    | Found Zaxtesip's Antique Armour Boutique.
 25496 | Orc:2    | Found a one-way gate leading to the halls of Pandemonium.
 25509 | Orc:2    | Bought an embroidered scarf for 184 gold pieces
 27100 | D:12     | Noticed Jorgrun
 27116 | D:12     | Killed Jorgrun
 27117 | D:12     | Reached XP level 15. HP: 81/147 MP: 11/11
 28987 | D:13     | Identified the +1 scale mail of the World {rPois Int+4}
 30106 | D:14     | Reached skill level 21 in Armour
 30486 | D:14     | Received a gift from Trog
 31521 | D:14     | Found a gate to the Vaults.
 32026 | D:15     | Entered Level 15 of the Dungeon
 32567 | D:15     | Found a staircase to the Depths.
 34202 | D:10     | Reached XP level 16. HP: 140/160 MP: 11/11
 34260 | D:10     | Found a runed translucent gate.
 34260 | D:10     | Found a runed translucent gate.
 34262 | D:10     | Found a runed translucent gate.
 34265 | D:10     | Noticed amentoraz's ghost (journeyman GnCA)
 34286 | D:10     | Killed amentoraz's ghost
 34796 | Lair:4   | Killed groll's ghost
 34805 | Lair:4   | Identified the ring of Music {rPois rF+ rC- Int+6}
 35117 | Lair:3   | Killed Huasawuy's ghost
 35230 | Snake:1  | Entered Level 1 of the Snake Pit
 35248 | Lair:3   | Reached skill level 22 in Armour
 36475 | Snake:1  | Noticed Aizul
 36484 | Snake:1  | Killed Aizul
 36642 | Snake:1  | You fall into a shaft and drop 1 floor!
 37904 | Snake:2  | Found a transporter.
 38956 | Snake:2  | Received a gift from Trog
 39215 | Snake:2  | Identified the +4 scale mail of Discretion {Slay+6}
 40298 | Snake:2  | HP: 6/163 [salamander/+0 trident (15)]
 41102 | Snake:2  | Found a transporter.
 41998 | Snake:3  | Reached skill level 23 in Armour
 42008 | Snake:3  | Reached XP level 17. HP: 111/171 MP: 12/12
 42180 | Snake:3  | Identified the amulet "Amofar" {rElec rN+ Will+ Regen+}
 43144 | Snake:3  | Found Awomy's Jewellery Shoppe.
 43147 | Snake:3  | Found Emmeiras's General Store.
 43149 | Snake:3  | Found Girask's Book Shoppe.
 43155 | Snake:3  | Bought a potion of heal wounds for 70 gold pieces
 43155 | Snake:3  | Bought a scroll of teleportation for 42 gold pieces
 43714 | Snake:4  | Entered Level 4 of the Snake Pit
 46286 | Snake:4  | Noticed Louise
 46309 | Snake:4  | Killed Louise
 46356 | Snake:4  | Identified the +1 chain mail of Vyucyeth {Rampage Dex-2
                  | Slay+2}
 47573 | Snake:4  | Got a serpentine rune of Zot
 48025 | Swamp:1  | Entered Level 1 of the Swamp
 48289 | Swamp:1  | Reached skill level 24 in Armour
 49800 | Swamp:2  | Reached XP level 18. HP: 141/175 MP: 13/13
 51312 | Swamp:3  | Noticed Bai Suzhen
 51312 | Swamp:3  | Noticed Roxanne
 51830 | Swamp:3  | Killed Roxanne
 51874 | Swamp:3  | Noticed Donald
 51887 | Swamp:3  | Killed Donald
 51970 | Swamp:3  | HP: 5/184 [acid (6)]
 52510 | Swamp:4  | Entered Level 4 of the Swamp
 53691 | Swamp:4  | HP: 5/185 [swamp dragon (10)]
 53692 | Swamp:4  | Demolished by a bunyip

Illustrated notes

Levels and vault maps discovered:
D:1:      heliophobic_arrival_ceremonial_halls, layout_rooms
D:2:      layout_rooms
D:3:      layout_basic
D:4:      layout_basic, gammafunk_temple_overflow_claw,
          mainiacjoe_overflow_alcove_2, nicolae_ossuary_entry_catacombs,
          minmay_hedge_maze, minmay_fractal_squares_5
D:5:      layout_layer_cave, lemuel_tele_altar, mainiacjoe_overflow_chevrons
D:6:      layout_basic, lemuel_mausoleum_altar_kikubaaqudgha,
          minmay_temple_entry_ruins, glass_columns_c, minmay_ruined_shrine
D:7:      layout_rooms, serial_shops, shop, enter_bailey_2, uniq_joseph
D:8:      layout_basic, lemuel_coloured_pillars_altar
D:9:      layout_cave_pools, erik_lair_orcish_takeover, gammafunk_ghost_arena
D:10:     layout_small_grid, orc_0_dummy,
          ploomutoo_gammafunk_ghost_potion_laboratory, uniq_erolcha, uniq_snorg
D:11:     layout_gridville
D:12:     layout_long_grid, chequers_serial_rivers_large_a, minivault_16,
          uniq_jorgrun
D:13:     minmay_wizard_corner, layout_grid_maze
D:14:     layout_basic, grunt_vaults_entry_tiered, chequers_serial_rivers_marsh,
          minmay_misc_feat_four_crosses
D:15:     grunt_enter_depths_giant_problem, layout_gridville,
          chequers_serial_rivers_room_b
Lair:1:   layout_misc_corridors, pond
Lair:2:   layout_layer_cave, nicolae_swamp_entry_splash_gauntlet
Lair:3:   layout_chaotic_city, guppyfry_snake_entry_island,
          gammafunk_ghost_arena, grunt_megastairs_4
Lair:4:   layout_big_grid, ebering_ghost_disaster_area, serial_bayou_shore_a,
          lemuel_fruit_fields, grunt_megastairs_2, infiniplex_staircase_pool,
          uniq_nessos, uniq_sonja
Lair:5:   evilmike_catoblepas_cave, layout_cave_pods, slime_entry_1,
          hangedman_lair_unloving_vines, chequers_serial_rivers_micro_a,
          lemuel_fruit_tree, grunt_megastairs_5
Swamp:1:  layout_basic_swamp, evilmike_swamp_ruin_house_1
Swamp:2:  layout_falls_marsh, evilmike_swamp_ruin_house_6, swamp_pool4,
          nicolae_swamp_necromancer_hut
Swamp:3:  nicolae_swamp_standing_stones, layout_basic_swamp,
          evilmike_swamp_ruin_house_2, uniq_bai_suzhen, uniq_roxanne,
          uniq_donald
Swamp:4:  swamp, layout_basic_swamp, swamp_pool4
Snake:1:  layout_rooms, uniq_aizul
Snake:2:  gammafunk_its_a_trap, layout_concentric_octagons,
          nicolae_snake_herptile_family_reunion
Snake:3:  layout_grid_shapes, nicolae_snake_salamander_fort, minmay_shop_star
Snake:4:  grunt_snake_rune_pools, layout_cave_town, minmay_snake_pond,
          uniq_louise
Orc:1:    layout_caves, serial_shops, nicolae_shop_stone
Orc:2:    pf_orc_diabolical, layout_caves, mines2_lemuel

Skill      XL: |  1  2  3  4  5  6  7  8  9 10 11 12 13 14 15 16 17 18 |
---------------+-------------------------------------------------------+-----
Fighting       | 4 5 6 7 12 13 15 16 17 19 20 21 22 | 22.3
Axes           | 4 5 6 7 12 13 15 16 17 19 20 21 22 | 22.3
Armour         | 3 4 5 6 8 10 11 12 14 16 18 20 21 23 24 | 24.6
Dodging        | |  2.7

Action                   |  1- 3 |  4- 6 |  7- 9 | 10-12 | 13-15 | 16-18 || total
-------------------------+-------+-------+-------+-------+-------+-------++-------
Melee: Hand axe          |    99 |   154 |   300 |    52 |       |       ||   605
       Headbutt          |    15 |    40 |    73 |    92 |   225 |   316 ||   761
       Punch             |       |     4 |       |       |       |       ||     4
       Unarmed           |       |       |       |     8 |       |       ||     8
       Broad axe         |       |       |       |   260 |   676 |   817 ||  1753
       Flail             |       |       |       |    30 |    32 |   106 ||   168
       War axe           |       |       |       |       |    72 |       ||    72
       Executioner's axe |       |       |       |       |    61 |    89 ||   150
Invok: Berserk           |       |     1 |     1 |     8 |    10 |    10 ||    30
       Trog's Hand       |       |       |     2 |     7 |    15 |    33 ||    57
       Brothers in Arms  |       |       |       |     1 |     3 |     3 ||     7
  Use: Scroll            |       |    11 |     3 |     9 |     3 |    15 ||    41
       Potion            |       |       |     6 |     1 |    11 |     4 ||    22
 Stab: Confused          |       |       |       |       |       |     1 ||     1
Armor: Animal skin       |    12 |       |       |       |       |       ||    12
       Plate armour      |    67 |    67 |    66 |       |       |       ||   200
       Ring mail         |     1 |       |       |       |       |       ||     1
       Chain mail        |       |       |    94 |   257 |   605 |   836 ||  1792
Dodge: Dodged            |    58 |    21 |    99 |   196 |   399 |   496 ||  1269
Block: Other             |       |     2 |    21 |       |    13 |    30 ||    66
       Orb               |       |       |    49 |   108 |   184 |   243 ||   584
       Reflection        |       |       |     3 |     8 |    18 |    23 ||    52
